 Dungeon Crawl Stone Soup version 0.20.1-1-g8b1a95d (webtiles) character file.

260 pstr the Conjurer (level 6, -5/33 HPs)
             Began as a Kobold Conjurer on Nov 29, 2017.
             Was an Initiate of Yredelemnul.
             Slain by an orc warrior
             ... wielding a cursed -3 trident
              (15 damage)
             ... on level 2 of the Dungeon.
             The game lasted 00:15:50 (3680 turns).

pstr the Conjurer (Kobold Conjurer)                 Turns: 3680, Time: 00:15:51

Health: -5/33      AC:  8    Str:  5    XL:     6   Next: 41%
Magic:  7/12       EV: 15    Int: 19    God:    Yredelemnul [......]
Gold:   195        SH:  0    Dex: 15    Spells: 10/13 levels left

rFire    . . .     SeeInvis .   (weapon restricted)
rCold    . . .     Gourm    .   (shield restricted)
rNeg     . . .     Faith    .   a - +0 robe
rPois    .         Spirit   .   q - +2 hat
rElec    .         Reflect  .   (no cloak)
rCorr    .         Harm     .   (no gloves)
MR       .....                  (no boots)
Stlth    +++.......             (no amulet)
Regen    0.2/turn               h - +4 ring of protection
MPRegen  0.2/turn               n - ring of flight

@: no status effects
A: carnivore 3
a: Renounce Religion, Evoke Flight


You were on level 2 of the Dungeon.
You worshipped Yredelemnul.
Yredelemnul was noncommittal.
You were not hungry.

You visited 1 branch of the dungeon, and saw 4 of its levels.

You collected 195 gold pieces.

Inventory:

Missiles
 j - 132 stones (quivered)
Armour
 a - a +0 robe (worn)
 d - a +0 ring mail
 m - a +0 ring mail
 q - a +2 hat (worn)
Jewellery
 h - a +4 ring of protection (left hand)
 n - a ring of flight (right hand)
Scrolls
 e - 2 scrolls of teleportation {unknown}
 f - a scroll of random uselessness {unknown}
 g - 2 scrolls of enchant armour {unknown}
 i - a scroll of remove curse {unknown}
 k - a scroll of magic mapping {unknown}
 l - 2 scrolls of fog {unknown}
 s - a scroll of amnesia {unknown}
 u - a scroll of enchant weapon {unknown}
 v - a scroll of noise {unknown}
Potions
 p - a potion of agility
Books
 b - a book of Conjurations

   Spells                             Type                      Level
   a - Magic Dart                     Conjuration                  1
   b - Searing Ray                    Conjuration                  2
   c - Dazzling Spray                 Conjuration/Hexes            3
   d - Fulminant Prism                Conjuration/Hexes            4
   e - Force Lance                    Conjuration/Translocation    4
   f - Iskenderun's Mystic Blast      Conjuration                  4
Comestibles
 c - a meat ration


   Skills:
 + Level 0.9 Fighting
 + Level 2.7 Dodging
 + Level 3.9 Stealth
 + Level 4.0 Spellcasting
 + Level 5.8 Conjurations


You had 10 spell levels left.
You knew the following spells:

 Your Spells              Type           Power        Failure   Level  Hunger
a - Magic Dart            Conj           ####         1%          1    None
b - Searing Ray           Conj           ####..       1%          2    ##.....


Dungeon Overview and Level Annotations

Branches:
Dungeon (4/15)
 Temple: D:4-7

Altars:
Gozag
Yredelemnul


Innate Abilities, Weirdness & Mutations

You are small and have problems with some larger weapons.
You are carnivorous and can eat meat at any time.


Message History

Aim: an orc wizard, wielding a dagger and wearing a robe The searing ray hits the orc wizard.
The orc wizard is lightly wounded. (Press . to maintain the ray.)
The orc warrior closely misses you.
Casting: Searing Ray
Confirm with . or Enter, or press ? or * to list all spells.
Aiming: Searing Ray
Press: ? - help, Shift-Dir - straight line, f/p - orc wizard
Aim: an orc wizard, wielding a dagger and wearing a robe (lightly wounded)
The searing ray hits the orc wizard.
The orc wizard is lightly wounded. (Press . to maintain the ray.)
The orc warrior hits you with a trident!
The searing ray hits the orc wizard.
The orc wizard is lightly wounded.
The orc wizard closely misses you.
The orc warrior hits you with a trident!
You die...
Your body rises from the dead as a mindless zombie.

##.....###.#####..........##.....
#....## #........##......#..####
##.#..## ######...##......#.###.⌠
.......# ####.............##...
###....#####......###.......#....
..................# ###÷....#.≈..
###...............#####.....#....
##...........o..........[.#....
##.............@........[..#....
##...#.........)o.######....#.≈..
..................#.........#....
####.#.#.#.#.#..#.#.#............
#.#.#.#.#.#..#.#..............
#.#.#.#.#.#..#................
#.#.#.#.#.#.####..............
#.#.#.#.#.#...................
#...........[###..............


You could see an orc warrior and an orc wizard.

Vanquished Creatures
  An ogre (D:3)
  3 orc priests
  2 adders (D:2)
  An ooze (D:2)
  A worm (D:2)
  2 leopard geckos
  6 orcs
  A ball python (D:2)
  2 gnoll zombies (D:2)
  9 goblins
  7 hobgoblins
  6 bats
  4 frilled lizards
  9 kobolds
  4 rats
58 creatures vanquished.

Vanquished Creatures (others)
  A dart slug (D:3)
  A giant cockroach (D:3)
2 creatures vanquished.

Grand Total: 60 creatures vanquished

Notes
Turn   | Place    | Note
-------+----------+-------------------------------------------
     0 | D:1      | pstr the Kobold Conjurer began the quest for the Orb.
     0 | D:1      | Reached XP level 1. HP: 10/10 MP: 3/3
   396 | D:1      | Reached XP level 2. HP: 15/15 MP: 3/5
   426 | D:1      | Learned a level 2 spell: Searing Ray
   987 | D:1      | Reached XP level 3. HP: 19/19 MP: 4/6
  1809 | D:2      | Reached XP level 4. HP: 24/24 MP: 3/7
  1847 | D:2      | Reached skill level 5 in Conjurations
  1969 | D:2      | Found an opulent altar of Gozag.
  2209 | D:2      | Reached XP level 5. HP: 28/28 MP: 5/9
  2472 | D:2      | Found a basalt altar of Yredelemnul.
  2480 | D:2      | Became a worshipper of Yredelemnul the Dark
  2715 | D:3      | Noticed an ogre
  2757 | D:3      | Killed an ogre
  2757 | D:3      | Reached XP level 6. HP: 24/33 MP: 1/11
  2981 | D:3      | Noticed an orc warrior
  3236 | D:2      | HP: 1/33 [orc warrior/trident (18)]
  3680 | D:2      | Slain by an orc warrior

Skill      XL: |  1  2  3  4  5  6 |
---------------+-------------------+-----
Stealth        | 3 |  3.9
Conjurations   | 5 |  5.8
Spellcasting   | 3 4 |  4.0
Fighting       | |  0.9
Dodging        | |  2.7

Action                   |  1- 3 |  4- 6 || total
-------------------------+-------+-------++-------
Melee: Unarmed           |     3 |       ||     3
 Cast: Magic Dart        |    52 |    33 ||    85
       Searing Ray       |     4 |    24 ||    28
  Use: Potion            |       |     6 ||     6
  Eat: Chunk             |     8 |     6 ||    14
Armor: Robe              |     1 |    25 ||    26
Dodge: Dodged            |     9 |    81 ||    90
